 Dungeon Crawl Stone Soup version 0.32-a0-918-g0f22ef8d61 (webtiles) character file.

Game seed: 6213058961136471470

10425 Doorstop00 the Cleaver (level 11, -5/148 HPs)
             Began as a Minotaur Berserker on Apr 10, 2024.
             Was a High Priest of Trog.
             Succumbed to Amaemon's poison
             ... on level 9 of the Dungeon.
             The game lasted 00:39:11 (10537 turns).

Doorstop00 the Cleaver (Minotaur Berserker)        Turns: 10537, Time: 00:39:12

Health: -5/148     AC: 17    Str: 23    XL:     11   Next: 36%
Magic:  10/10      EV:  8    Int:  6    God:    Trog [*****.]
Gold:   311        SH:  5    Dex: 11    Spells: 10/10 levels left

rFire   . . .        K - +2 broad axe (flame)
rCold   . . .        (no shield)
rNeg    . . .        a - +0 plate armour
rPois   .            A - +0 hat
rElec   .            I - +0 cloak
rCorr   .            B - +0 pair of gloves
SInv    .            (no boots)
Will    .....        c - amulet of reflection Stlth
                     (no ring)
HPRegen 0.44/turn    (no ring)
MPRegen 0.12/turn

%: reflection
@: berserking, lethally poisoned (-5 -> -32), slowed, studying Unarmed Combat
A: horns 2, retaliatory headbutt
a: Renounce Religion, Berserk, Trog's Hand, Brothers in Arms


You were on level 9 of the Dungeon.
You worshipped Trog.
Trog was extremely pleased with you.
You visited 1 branch of the dungeon, and saw 10 of its levels.
You also visited: Sewer.

You collected 455 gold pieces.
You spent 144 gold pieces at shops.

Inventory:

Hand Weapons
 G - a +4 war axe of freezing
 K - a +2 broad axe of flaming (weapon)
Armour
 a - a +0 plate armour (worn)
 A - a +0 hat (worn)
 B - a +0 pair of gloves (worn)
 I - a +0 cloak (worn)
Jewellery
 b - a ring of fire
 c - an amulet of reflection (around neck)
 s - the ring of Discord {Fire Slay+2 SInv}
   (You found it on level 5 of the Dungeon)

   [ring of fire]

   Fire:      It enhances your fire magic.
   Slay+2:    It affects your accuracy & damage with ranged weapons and melee
   (+2).
   rF+:       It protects you from fire.
   rC-:       It makes you vulnerable to cold.
   SInv:      It lets you see invisible.
Wands
 j - a wand of flame (30)
 r - a wand of light (14)
 w - a wand of roots (30)
 E - a wand of paralysis (6)
Scrolls
 e - a scroll of silence {unknown}
 l - 2 scrolls of amnesia {unknown}
 m - a scroll of blinking
 o - a scroll of enchant weapon
 p - 3 scrolls of butterflies
 t - 2 scrolls of fog {unknown}
 u - a scroll of noise {unknown}
 y - a scroll of revelation {unknown}
 C - a scroll of immolation
 D - 2 scrolls of teleportation
 F - a scroll of fear
 J - a scroll of poison
Potions
 d - 2 potions of attraction
 f - 3 potions of curing
 g - 3 potions of brilliance
 h - 3 potions of enlightenment
 i - 2 potions of mutation
 k - 2 potions of heal wounds
 n - a potion of haste
 q - a potion of invisibility
 v - a potion of ambrosia
 H - a potion of cancellation


   Skills:
 * Level 10.0 Fighting
 * Level 14.1 Axes
 * Level 10.8 Armour
 * Level 6.8 Dodging
 + Level 0.8 Stealth
 * Level 4.8 Shields


You had 10 spell levels left.
You didn't know any spells.
Your spell library was empty.

Dungeon Overview and Level Annotations

Branches:
Dungeon (10/15)            Temple (0/1) D:6             Orc (0/2) D:9
  Sewer (visited)
   Lair: D:8-11

Altars:
Cheibriados
Dithmenos
Elyvilon
Fedhas
Gozag
Nemelex Xobeh
Trog
Vehumet
Wu Jian
Xom

Shops:
D:5 :   D:7 *:*:

Annotations:
D:6 2 transporters, snydleywhiplash's ghost, amateur MiFi


Innate Abilities, Weirdness & Mutations

You have a pair of horns on your head.
You reflexively headbutt those who attack you in melee.


Message History

The scorpion's corpse disappears in a puff of smoke!
You feel very sick.
The scorpion stings you but does no damage. x2
Amaemon hits you but does no damage.
You are lethally poisoned!
Amaemon claws you but does no damage.
Amaemon tail-slaps you but does no damage.
You slash Amaemon! You burn Amaemon.
Amaemon is almost dead.
You barely miss the scorpion. You hit the scorpion. You burn the scorpion.
* * * LOW HITPOINT WARNING * * *
You feel extremely sick. The scorpion barely misses you.
The scorpion stings you but does no damage.
Amaemon closely misses you. You furiously retaliate!
You headbutt Amaemon! Amaemon claws you but does no damage.
Amaemon barely misses you.
You slash the scorpion! You burn the scorpion.
You kill the scorpion!
The scorpion's corpse disappears in a puff of smoke!
You closely miss Amaemon. You slash the scorpion! You burn the scorpion.
You kill the scorpion!
The scorpion's corpse disappears in a puff of smoke!
* * * LOW HITPOINT WARNING * * *
You feel very sick.
Amaemon hits you with a -1 demon whip of venom!
* * * LOW HITPOINT WARNING * * *
You are more poisoned.
You block Amaemon's attack.
Amaemon tail-slaps you but does no damage.
You slash Amaemon! You burn Amaemon.
You kill Amaemon!
Trog accepts your kill.
Trog appreciates your killing of a magic user.
* * * LOW HITPOINT WARNING * * *
You feel extremely sick.
Your Fighting skill increases to level 10!
Your Axes skill increases to level 14!
You are too berserk!
Okay, then.
You die...

###..........#
######'##### #..#
###'#######
#.........# ######
#.........# .....#
#.....ยง...#
.....######....[>)..#
.....'...##.....@...#
.....###..#.........#
.....# ##.#.........#
.....# #.#.........#
'##### #.'.........#
.# ###.........# .#
####'###### .# #..#
.# #.##


There were no monsters in sight!

Vanquished Creatures
  A two-headed ogre (D:8)
  Amaemon (D:9)
  Maurice (D:9)
  A kobold demonologist (D:9)
  A troll (D:9)
  Prince Ribbit (D:6)
  Grinder (D:6)
  A wraith (D:6)
  6 yaks
  Grum (D:8)
  3 steam dragons
  Menkaure (D:4)
  An acid dragon (D:8)
  4 water moccasins
  Duvessa (D:6)
  2 sky beasts
  2 black bears
  8 orc warriors
  3 wolves (D:8)
  5 ogres
  3 centaurs
  A phantom (D:6)
  15 kobold brigands
  2 gnoll sergeants (D:9)
  A scorpion (D:6)
  4 bullfrogs
  Dowan (D:6)
  8 wights
  8 killer bees (D:9)
  An electric eel (D:7)
  A howler monkey (D:7)
  2 bombardier beetles
  4 hounds
  2 jellies
  7 orc priests
  3 sleepcaps
  5 iguanas
  8 orc wizards
  11 gnolls
  13 adders
  A shadow imp (D:6)
  2 ufetubi
  2 ribbon worms
  15 dart slugs
  51 orcs
  10 ball pythons
  16 endoplasms
  16 giant cockroaches
  6 goblins
  7 hobgoblins
  A quokka (D:2)
  6 bats
  13 frilled lizards
  25 kobolds
  4 rats
320 creatures vanquished.

Vanquished Creatures (others)
  2 gnolls (D:9)
2 creatures vanquished.

Grand Total: 322 creatures vanquished

Notes
Turn   | Place    | Note
-------+----------+-------------------------------------------
     0 | D:1      | Doorstop00 the Minotaur Berserker began the quest for the
                  | Orb.
     0 | D:1      | Reached XP level 1. HP: 19/19 MP: 0/0
   266 | D:1      | Reached skill level 4 in Axes
   284 | D:1      | Reached XP level 2. HP: 27/27 MP: 1/1
   944 | D:2      | Found a faded altar of an unknown god.
   991 | D:2      | Reached XP level 3. HP: 33/33 MP: 2/2
  1696 | D:3      | Reached XP level 4. HP: 19/41 MP: 3/3
  1698 | D:3      | Reached ** piety under Trog
  1962 | D:3      | Found a glowing drain.
  1980 | D:3      | Reached skill level 1 in Shields
  1984 | D:3      | Reached skill level 5 in Axes
  1989 | D:3      | Reached XP level 5. HP: 38/47 MP: 4/4
  2002 | Sewer    | Entered a sewer
  2213 | Sewer    | Reached *** piety under Trog
  2265 | Sewer    | Reached skill level 5 in Fighting
  2326 | Sewer    | Reached skill level 6 in Axes
  2326 | Sewer    | Reached XP level 6. HP: 24/56 MP: 5/5
  2666 | D:3      | Found a snail-covered altar of Cheibriados.
  2666 | D:3      | Found a shadowy altar of Dithmenos.
  2674 | D:3      | Found a radiant altar of Vehumet.
  2676 | D:3      | Found an ornate altar of the Wu Jian Council.
  2682 | D:3      | Found a blossoming altar of Fedhas.
  2985 | D:4      | Reached **** piety under Trog
  3000 | D:4      | Noticed Menkaure
  3113 | D:4      | Killed Menkaure
  3114 | D:4      | Reached skill level 7 in Axes
  3114 | D:4      | Reached XP level 7. HP: 46/61 MP: 6/6
  3649 | D:4      | Identified the +7 trident of Blood-Lust {pain, rC+ Str-5
                  | Dex+2 SInv}
  4057 | D:5      | Entered Level 5 of the Dungeon
  4119 | D:5      | Found an opulent altar of Gozag.
  4137 | D:5      | Reached skill level 5 in Armour
  4397 | D:5      | Identified the +1 sling of Sunlight {heavy, rPois rF+}
  4574 | D:5      | Found a bloodstained altar of Trog.
  4762 | D:5      | Found Lic Lout's Vocational Training.
  4830 | D:5      | Identified the ring of Discord {Fire Slay+2 SInv}
  4983 | D:5      | Reached XP level 8. HP: 62/70 MP: 7/7
  5061 | D:6      | Found a transporter.
  5073 | D:6      | Noticed snydleywhiplash's ghost (amateur MiFi)
  5099 | D:6      | Found a transporter.
  5166 | D:6      | Reached skill level 8 in Axes
  5342 | D:6      | Noticed Duvessa
  5342 | D:6      | Noticed Dowan
  5355 | D:6      | Killed Duvessa
  5424 | D:6      | Killed Dowan
  5505 | D:6      | Found a staircase to the Ecumenical Temple.
  5683 | D:6      | Noticed Grinder
  5703 | D:6      | Killed Grinder
  5704 | D:6      | Reached skill level 9 in Axes
  5814 | D:6      | Noticed Prince Ribbit
  5875 | D:6      | Killed Prince Ribbit
  5876 | D:6      | Reached XP level 9. HP: 64/79 MP: 8/8
  6531 | D:7      | Reached skill level 10 in Axes
  6531 | D:7      | Reached skill level 5 in Dodging
  6655 | D:7      | Found Huocvypn's Assorted Antiques.
  6834 | D:7      | Bought a scroll of identify for 48 gold pieces
  6834 | D:7      | Bought a scroll of identify for 48 gold pieces
  6834 | D:7      | Bought a scroll of identify for 48 gold pieces
  6886 | D:7      | Found Untajisi's Book Shop.
  6944 | D:7      | Found Hiziddygg's Book Boutique.
  7131 | D:7      | Found Lozogeih's Assorted Antiques.
  7205 | D:7      | Found a shimmering altar of Xom.
  7205 | D:7      | Found a white marble altar of Elyvilon.
  7611 | D:8      | Found a sparkling altar of Nemelex Xobeh.
  7635 | D:8      | Noticed a two-headed ogre
  7646 | D:8      | Killed a two-headed ogre
  7647 | D:8      | Reached skill level 11 in Axes
  7647 | D:8      | Reached XP level 10. HP: 56/90 MP: 9/9
  7902 | D:8      | Reached ***** piety under Trog
  7918 | D:8      | Identified the +1 hand axe of Tausi {drain, rF- rN+ Int+2}
  8597 | D:8      | Noticed Grum
  8604 | D:8      | Reached skill level 12 in Axes
  8607 | D:8      | Killed Grum
  8993 | D:9      | Reached skill level 10 in Armour
  9014 | D:9      | Found a staircase to the Orcish Mines.
  9066 | D:9      | Reached skill level 13 in Axes
  9490 | D:9      | Noticed Maurice
  9507 | D:9      | Killed Maurice
  9701 | D:9      | Reached XP level 11. HP: 83/97 MP: 10/10
  9727 | D:9      | Received a gift from Trog
  9749 | D:9      | HP: 1/99 [asphyx]
 10424 | D:10     | Entered Level 10 of the Dungeon
 10502 | D:10     | Noticed Amaemon
 10536 | D:9      | Killed Amaemon
 10536 | D:9      | HP: 1/148 [poisoned by Amaemon]
 10537 | D:9      | Reached skill level 10 in Fighting
 10537 | D:9      | Reached skill level 14 in Axes
 10537 | D:9      | Succumbed to Amaemon's poison

Illustrated notes

Levels and vault maps discovered:
D:1:      matt_arrival_grand_opening, layout_loops_ring
D:2:      minmay_alternating_diamond, layout_basic,
          ebering_ecumenical_altar_petrified
D:3:      layout_rooms, chequers_temple_overflow_minitemple,
          gup_sewer_entry_glass
D:4:      layout_basic, serial_rivers, chequers_serial_rivers_large_b,
          chequers_serial_rivers_micro_b, chequers_serial_rivers_small_3,
          chequers_serial_rivers_micro_c, chequers_serial_rivers_room_b,
          uniq_menkaure
D:5:      layout_basic, mainiacjoe_overflow_24_doors, lemuel_doored_altar,
          nicolae_shop_vocational
D:6:      layout_loops_ring, minmay_temple_entry_junction_2,
          gammafunk_ghost_stat_death, uniq_duvessa, uniq_prince_ribbit1,
          uniq_grinder
D:7:      layout_rooms, nicolae_overflow_two_pavilions, serial_shops,
          nicolae_book_shop_shelving, nicolae_shop_crystal, shop,
          kennysheep_mini_moat, kb_lookout_dungeons_type
D:8:      layout_rooms, nemelex_diamond_rough_becter, dk_noncrumbling_3,
          dk_vineyard_3, nicolae_sextant, minmay_manual_maat, uniq_grum
D:9:      layout_roguey, kennysheep_orc_monster_closet_entryway, special_room
          [special_room_kobold], uniq_maurice
D:10:     dragon1_lemuel, layout_cave_pools,
          nicolae_hepliaklqana_monster_ancestors, uniq_amaemon

Skill      XL: |  1  2  3  4  5  6  7  8  9 10 11 |
---------------+----------------------------------+-----
Axes           | 4 5 6 7 9 11 13 14 | 14.1
Fighting       | 4 5 6 7 8 9 10 | 10.0
Armour         | 3 4 6 7 9 10 | 10.8
Shields        | 1 2 3 4 |  4.8
Dodging        | 3 4 5 6 |  6.8
Stealth        | |  0.8

Action                     |  1- 3 |  4- 6 |  7- 9 | 10-12 || total
---------------------------+-------+-------+-------+-------++-------
  Melee: Hand axe          |   111 |   181 |   272 |       ||   564
         Headbutt          |    14 |    33 |    76 |    51 ||   174
         War axe           |       |       |    93 |   236 ||   329
         Broad axe         |       |       |       |    63 ||    63
 Invoke: Trog's Hand       |       |     1 |     2 |     2 ||     5
         Berserk           |       |       |       |     1 ||     1
    Use: Scroll            |     2 |     1 |    11 |     5 ||    19
         Potion            |       |       |     1 |     1 ||     2
 Armour: Chain mail        |    74 |   151 |   227 |       ||   452
         Animal skin       |     2 |       |       |       ||     2
         Plate armour      |       |       |    46 |   239 ||   285
  Dodge: Dodged            |    37 |    69 |   125 |   101 ||   332
  Block: Other             |    24 |    44 |    66 |    58 ||   192
         Reflection        |     1 |       |     6 |     2 ||     9

Table legend: (Time is in decaauts)
 A = Elapsed time spent in this place.
 B = Non-inter-level travel time spent in this place.
 C = Inter-level travel time spent in this place.
 D = Time resting spent in this place.
 E = Time spent auto-exploring this place.
 F = Levels seen in this place.
 G = Mean time per level.
                   A        B        C        D        E       F      G
               +--------+--------+--------+--------+--------+-----+--------+
         Total |  10736 |  10566 |    170 |   2499 |   5097 |  11 |  976.0 |
       Dungeon |  10034 |   9864 |    170 |   2369 |   4935 |  10 | 1003.4 |
         Sewer |    701 |    701 |      0 |    130 |    162 |   1 |  701.0 |
               +--------+--------+--------+--------+--------+-----+--------+

Top non-repeatable levels by time:
     D:6: 1528 daAuts
     D:9: 1486 daAuts
     D:8: 1365 daAuts
     D:4: 1326 daAuts
     D:5: 1023 daAuts
     D:7: 987 daAuts
     D:2: 914 daAuts
   Sewer: 701 daAuts
     D:3: 669 daAuts
     D:1: 640 daAuts
    D:10: 92 daAuts
